 Dungeon Crawl Stone Soup version 0.30-a0-465-g8901f6c8b5 (webtiles) character file.

Game seed: 4739100139698928512

108 kurumiz the Poker (level 4, -3/37 HPs)
             Began as a Minotaur Gladiator on Dec 18, 2022.
             Splashed by a jelly's acid (8 damage)
             ... on level 4 of the Dungeon on Dec 19, 2022.
             The game lasted 00:06:50 (2702 turns).

kurumiz the Poker (Minotaur Gladiator)              Turns: 2702, Time: 00:06:51

Health: -3/37      AC:  0    Str: 21    XL:     4   Next: 58%
Magic:  3/3        EV: 12    Int:  5    God:
Gold:   84         SH:  0    Dex: 11    Spells: 3/3 levels left

rFire   . . .      SeeInvis .    a - +0 trident
rCold   . . .      Faith    .    (no shield)
rNeg    . . .      Spirit   .    b - +0 leather armour
rPois   .          Reflect  .    c - +0 hat
rElec   .          Harm     .    (no cloak)
rCorr   .          Rampage  .    (no gloves)
Will    .....                    (no boots)
Stlth   +.........               (no amulet)
HPRegen 0.26/turn                (no ring)
MPRegen 0.08/turn                (no ring)

@: corroded
A: horns 2, retaliatory headbutt
a: no special abilities


You were on level 4 of the Dungeon.
You visited 1 branch of the dungeon, and saw 4 of its levels.

You collected 84 gold pieces.

Inventory:

Hand Weapons
 a - a +0 trident (weapon)
Missiles
 d - 3 throwing nets (quivered)
 e - a javelin
 s - 5 poisoned darts
Armour
 b - a +0 leather armour (worn)
 c - a +0 hat (worn)
 r - a +0 helmet
Magical Staves
 u - a staff of conjuration
Jewellery
 m - a ring of flight
Wands
 p - a wand of polymorph (6)
 q - a wand of mindburst (12)
Scrolls
 i - a scroll of summoning {unknown}
 j - 2 scrolls of immolation {unknown}
 l - 2 scrolls of magic mapping {unknown}
 n - 2 scrolls of enchant armour {unknown}
Potions
 f - a potion of attraction {unknown}
 g - 3 potions of heal wounds {unknown}
 h - a potion of degeneration {unknown}
 k - 2 potions of mutation {unknown}
 o - a potion of curing {unknown}
 t - a potion of might {unknown}
 v - a potion of lignification {unknown}
 w - a potion of cancellation {unknown}


   Skills:
 + Level 2.9 Fighting
 + Level 4.9 Polearms
 + Level 2.1 Throwing
 + Level 2.6 Armour
 + Level 3.8 Dodging
 + Level 0.2 Stealth
 + Level 0.3 Unarmed Combat


You had 3 spell levels left.
You didn't know any spells.
Your spell library contained the following spells:

 Spells                   Type           Power      Damage    Failure   Level
 Freeze                   Ice            0%         1d3       52%         1
 Frozen Ramparts          Ice            0%         1d1       88%         3
 Hailstorm                Conj/Ice       0%         3d3       88%         3


Dungeon Overview and Level Annotations

Branches:
Dungeon (4/15)
 Temple: D:4-7

Altars:
Gozag
Sif Muna


Innate Abilities, Weirdness & Mutations

You have a pair of horns on your head.
You reflexively headbutt those who attack you in melee.


Message History

There is an open door here.
w - a black potion A hobgoblin comes into view.
The hobgoblin shouts!
Found 7 stones.
A dart slug comes into view.
You reach to attack!
You completely miss the dart slug.
A jelly comes into view.
You closely miss the hobgoblin. The hobgoblin hits you.
The jelly quivers.
You puncture the dart slug!
The dart slug is almost dead.
The hobgoblin barely misses you. The dart slug launches a dart at you.
The slug dart hits you.
You hit the dart slug but do no damage. You headbutt the dart slug.
You kill the dart slug!
The hobgoblin barely misses you.
You barely miss the hobgoblin. The hobgoblin hits you.
You hit the hobgoblin.
The hobgoblin is heavily wounded.
The hobgoblin hits you.
You completely miss the hobgoblin. Your headbutt misses the hobgoblin.
The hobgoblin is heavily wounded.
The hobgoblin hits you. The jelly hits you. The acid corrodes you!
You are splashed with acid!
You hit the hobgoblin.
You kill the hobgoblin!
The jelly barely misses you. The jelly hits you.
You are splashed with acid!
* * * LOW HITPOINT WARNING * * *
You hit the jelly.
Your hands burn!
* * * LOW HITPOINT WARNING * * *
You headbutt the jelly.
The jelly is heavily wounded.
The jelly barely misses you. The jelly attacks as you move away!
The jelly misses you. The jelly attacks as you move away! The jelly hits you.
* * * LOW HITPOINT WARNING * * *
You are splashed with acid!
You die...

#.# #. #.. #. #.. # ###.
... #.# ##.#... ... #.#
.(..... ... #.# .......
... .# #.#
......†########.# #.# #..
......†J@....##.# #.# #..
..........##.##.# #.# #..
..........##....# #.# #..
..........####..# #.# #..
.......!..##.#..###.# ..
..........##........#
..........##.#...(..####+
..........##.##..##.#....
#.....##.'.^..


You could see a jelly.

Vanquished Creatures
  Ijyb (D:3)
  2 adders
  2 worms
  2 dart slugs
  An orc (D:3)
  2 bats
  2 endoplasms (D:2)
  3 giant cockroaches
  4 goblins
  5 hobgoblins
  6 jackals
  3 quokkas (D:2)
  2 ball pythons
  A frilled lizard (D:1)
  9 kobolds
  9 rats
  2 bushes (D:1)
56 creatures vanquished.

Vanquished Creatures (others)
  9 plants (D:1)
9 creatures vanquished.

Grand Total: 65 creatures vanquished

Notes
Turn   | Place    | Note
-------+----------+-------------------------------------------
     0 | D:1      | kurumiz the Minotaur Gladiator began the quest for the Orb.
     0 | D:1      | Reached XP level 1. HP: 18/18 MP: 0/0
    77 | D:1      | Reached skill level 4 in Polearms
    79 | D:1      | Reached XP level 2. HP: 20/25 MP: 1/1
  1390 | D:2      | Reached XP level 3. HP: 30/30 MP: 2/2
  1622 | D:2      | Reached skill level 1 in Armour
  1905 | D:3      | Found a shimmering blue altar of Sif Muna.
  1947 | D:3      | Noticed Ijyb
  1953 | D:3      | Reached XP level 4. HP: 37/37 MP: 3/3
  1970 | D:3      | Killed Ijyb
  1979 | D:3      | Found an opulent altar of Gozag.
  2034 | D:3      | Noticed an ogre
  2114 | D:4      | Noticed a scorpion
  2702 | D:4      | Splashed by a jelly's acid

Illustrated notes

Levels and vault maps discovered:
D:1:      scummos_arrival_simple_fountains, layout_basic, serial_bayou_lagoon_a,
          lexackson_kobold_supper
D:2:      layout_basic, hangedman_abyss_or_decor_stabs, minmay_misc_feat_cross
D:3:      layout_basic, mainiacjoe_overflow_24_doors,
          mainiacjoe_overflow_catwalk, uniq_ijyb
D:4:      layout_basic, kiku_gazebo_pond_becter

Skill      XL: |  1  2  3 |
---------------+----------+-----
Polearms       | 4 |  4.9
Armour         | 2 |  2.6
Fighting       | |  2.9
Throwing       | |  2.1
Dodging        | |  3.8
Stealth        | |  0.2
Unarmed Combat | |  0.3

Action                   |  1- 3 |  4- 6 || total
-------------------------+-------+-------++-------
Melee: Trident           |   212 |    19 ||   231
       Headbutt          |    49 |     2 ||    51
       Punch             |     5 |       ||     5
       Unarmed           |     3 |    17 ||    20
 Stab: Sleeping          |     3 |       ||     3
Armor: Leather armour    |    14 |     6 ||    20
Dodge: Dodged            |    46 |    33 ||    79

Table legend: (Time is in decaauts)
 A = Elapsed time spent in this place.
 B = Non-inter-level travel time spent in this place.
 C = Inter-level travel time spent in this place.
 D = Time resting spent in this place.
 E = Time spent auto-exploring this place.
 F = Levels seen in this place.
 G = Mean time per level.
                   A        B        C        D        E       F      G
               +--------+--------+--------+--------+--------+-----+--------+
         Total |   2726 |   1972 |    754 |      0 |   1415 |   4 |  681.5 |
       Dungeon |   2726 |   1972 |    754 |      0 |   1415 |   4 |  681.5 |
               +--------+--------+--------+--------+--------+-----+--------+

Top non-repeatable levels by time:
     D:1: 1367 daAuts
     D:3: 700 daAuts
     D:2: 549 daAuts
     D:4: 108 daAuts
